 Dungeon Crawl Stone Soup version 0.29.0-4-gdea44cf6ec (webtiles) character file.

Game seed: 14477758562495088891

225 qw the Chopper (level 6, 0/35 HPs)
             Began as a Tengu Warper on Aug 28, 2022.
             Succumbed to a scorpion's poison
             ... on level 4 of the Dungeon.
             The game lasted 00:00:22 (3551 turns).

qw the Chopper (Tengu Warper)                       Turns: 3551, Time: 00:00:22

Health: 0/35       AC: 10    Str: 13    XL:     6   Next: 1%
Magic:  10/10      EV: 15    Int: 13    God:
Gold:   167        SH:  0    Dex: 14    Spells: 9/9 levels left

rFire   . . .      SeeInvis .   Y - +0 hand axe
rCold   . . .      Faith    .   (no shield)
rNeg    . . .      Spirit   .   h - +0 scale mail
rPois   .          Reflect  .   (helmet restricted)
rElec   .          Harm     .   (no cloak)
rCorr   .          Rampage  .   (no gloves)
Will    .....                   (boots unavailable)
Stlth   ..........              c - amulet of regeneration
HPRegen 0.91/turn               a - +4 ring of evasion
MPRegen 0.12/turn               d - +4 ring of protection

@: lethally poisoned (0 -> -4), flying quickly and evasively, quick
A: beak, talons 3, nimble flight
a: no special abilities


You were on level 4 of the Dungeon.
You visited 1 branch of the dungeon, and saw 4 of its levels.

You collected 167 gold pieces.


Innate Abilities, Weirdness & Mutations

You have a beak for a mouth.
You have claws for feet.
Your magical nature lets you fly swiftly and evasively.


   Skills:
 - Level 2.0 Fighting
 + Level 6.6 Axes
 - Level 1.0 Throwing
 - Level 1.1 Armour
 - Level 2.1 Dodging
 - Level 2.0 Spellcasting
 - Level 2.4 Translocations


You had 9 spell levels left.
You didn't know any spells.
Your spell library contained the following spells:

 Spells                   Type           Power      Damage    Failure   Level
 Blink                    Tloc           14%        N/A       56%         2
 Gell's Gravitas          Tloc           7%         N/A       80%         3
 Lesser Beckoning         Tloc           7%         N/A       80%         3
 Teleport Other           Tloc           7%         N/A       80%         3
 Manifold Assault         Tloc           7%         N/A       100%        5

Inventory:

Hand Weapons
 o - a +0 flail
 Y - a +0 hand axe (weapon)
Missiles
 e - a javelin (quivered)
Armour
 h - a +0 scale mail (worn)
Jewellery
 a - a +4 ring of evasion (left hand)
 c - an amulet of regeneration (around neck)
 d - a +4 ring of protection (right hand)
Scrolls
 j - a scroll of teleportation
 l - a scroll of identify
Potions
 f - 3 potions of mutation {unknown}
 g - a potion of curing {unknown}
 k - a potion of resistance {unknown}
 m - a potion of haste {unknown}

Dungeon Overview and Level Annotations

Branches:
Dungeon (4/15)
 Temple: D:4-7

Altars:
Elyvilon
Ru
Wu Jian


Message History

The scorpion stings you.
You hit the scorpion but do no damage. You claw the scorpion.
You punch the scorpion, but do no damage.
The scorpion is moderately wounded.
You feel sick. The scorpion stings you.
You are more poisoned.
The scorpion poisons you!
You hit the scorpion but do no damage. Your kick misses the scorpion.
The scorpion is moderately wounded.
You feel very sick. The scorpion stings you.
You closely miss the scorpion. Your kick misses the scorpion.
The scorpion is moderately wounded.
You feel very sick. The scorpion stings you. The scorpion barely misses you.
You barely miss the scorpion. Your kick misses the scorpion.
The scorpion is moderately wounded.
You feel sick. The scorpion closely misses you.
You hit the scorpion but do no damage. Your kick misses the scorpion.
The scorpion is moderately wounded.
You feel sick. The scorpion stings you.
3547 ||| READING 2 scrolls of teleportation.
As you read the scroll of teleportation, it crumbles to dust.
You feel strangely unstable.
You feel sick. The scorpion stings you.
You hit the scorpion. Your kick misses the scorpion.
The scorpion is heavily wounded.
You feel sick. The scorpion stings you.
You are lethally poisoned!
The scorpion poisons you!
You closely miss the scorpion.
You claw the scorpion, but do no damage.
Your peck misses the scorpion.
The scorpion is heavily wounded.
Your surroundings suddenly seem different.
You feel very sick.
There is a lethal amount of poison in your body!
You feel very sick.
There is a lethal amount of poison in your body!
You die...
PP

.. .### ...
.. .#
#.###.####.#
#...@.......
####..##....
#..# . #..#
#... #.###
#.# ...


There were no monsters in sight!

Vanquished Creatures
  A howler monkey (D:3)
  Jessica (D:3)
  6 adders
  An ufetubus (D:4)
  2 worms (D:2)
  2 dart slugs (D:2)
  2 orcs (D:3)
  5 ball pythons
  5 endoplasms
  5 giant cockroaches
  11 goblins
  15 hobgoblins
  3 jackals (D:4)
  3 quokkas
  7 bats
  2 frilled lizards
  7 kobolds
  4 rats
82 creatures vanquished.

Vanquished Creatures (others)
  10 plants
10 creatures vanquished.

Grand Total: 92 creatures vanquished

Notes
Turn   | Place    | Note
-------+----------+-------------------------------------------
     0 | D:1      | qw the Tengu Warper began the quest for the Orb.
     0 | D:1      | Reached XP level 1. HP: 12/12 MP: 4/4
     0 | D:1      | 0 ||| qw: Version: 0.1-a-89-g26bdef1
     0 | D:1      | 0 ||| qw: Game counter: 2291
     0 | D:1      | 0 ||| qw: Always use a shield: true
     0 | D:1      | 0 ||| qw: God list: Okawaru
     0 | D:1      | 0 ||| qw: Allow faded altars: false
     0 | D:1      | 0 ||| qw: Do Orc after D:15 true
     0 | D:1      | 0 ||| qw: Do second Lair branch before Depths: true
     0 | D:1      | 0 ||| qw: Lair rune preference: random
     0 | D:1      | 0 ||| qw: Plans: Normal
     0 | D:1      | 0 ||| PLANNING D:1-11
   202 | D:1      | Reached XP level 2. HP: 17/17 MP: 6/6
   259 | D:1      | Reached skill level 3 in Axes
   286 | D:1      | 286 ||| Stepping ~*~*~tactically~*~*~ (stealth).
   287 | D:1      | 287 ||| Stepping ~*~*~tactically~*~*~ (stealth).
   289 | D:1      | 289 ||| Stepping ~*~*~tactically~*~*~ (stealth).
   290 | D:1      | 290 ||| Stepping ~*~*~tactically~*~*~ (stealth).
   293 | D:1      | 293 ||| Stepping ~*~*~tactically~*~*~ (stealth).
   302 | D:1      | 302 ||| Stepping ~*~*~tactically~*~*~ (stealth).
   310 | D:1      | 310 ||| Stepping ~*~*~tactically~*~*~ (stealth).
   311 | D:1      | 311 ||| Stepping ~*~*~tactically~*~*~ (stealth).
   315 | D:1      | 315 ||| Stepping ~*~*~tactically~*~*~ (stealth).
   327 | D:1      | 327 ||| Stepping ~*~*~tactically~*~*~ (stealth).
   328 | D:1      | 328 ||| Stepping ~*~*~tactically~*~*~ (stealth).
   546 | D:1      | 546 ||| Stepping ~*~*~tactically~*~*~ (stealth).
   553 | D:1      | 553 ||| Stepping ~*~*~tactically~*~*~ (stealth).
   562 | D:1      | Reached XP level 3. HP: 10/21 MP: 7/7
  1030 | D:1      | Reached skill level 4 in Axes
  1263 | D:1      | 1263 ||| UPGRADING to +0 scale mail.
  1273 | D:1      | 1273 ||| DROPPING +0 leather armour.
  1274 | D:1      | 1274 ||| READING scroll labelled ERRISI JOETEAM.
  1275 | D:1      | 1275 ||| READING scroll labelled ARINLO KUROSME.
  1276 | D:1      | 1276 ||| DROPPING scroll of blinking.
  1291 | D:2      | 1291 ||| STAIRDANCE
  1622 | D:2      | 1622 ||| FLEEEEING.
  1625 | D:2      | 1625 ||| FLEEEEING.
  1626 | D:2      | 1626 ||| FLEEEEING.
  1627 | D:2      | 1627 ||| STAIRDANCE
  1676 | D:1      | 1676 ||| UPGRADING to +4 ring of evasion.
  1734 | D:2      | 1734 ||| Stepping ~*~*~tactically~*~*~ (stealth).
  1736 | D:2      | Reached XP level 4. HP: 26/26 MP: 8/8
  2341 | D:2      | Reached skill level 5 in Axes
  2633 | D:2      | 2633 ||| UPGRADING to amulet of regeneration.
  2638 | D:2      | 2638 ||| READING 2 scrolls labelled VEZOAM FIUVAELU.
  2639 | D:2      | 2639 ||| DROPPING scroll of noise.
  2677 | D:3      | Found an ornate altar of the Wu Jian Council.
  2681 | D:3      | Noticed Jessica
  2682 | D:3      | 2682 ||| Stepping ~*~*~tactically~*~*~ (hiding).
  2694 | D:3      | 2694 ||| Stepping ~*~*~tactically~*~*~ (hiding).
  2695 | D:3      | 2695 ||| Stepping ~*~*~tactically~*~*~ (hiding).
  2700 | D:3      | Killed Jessica
  2701 | D:3      | 2701 ||| Stepping ~*~*~tactically~*~*~ (stealth).
  2703 | D:3      | 2703 ||| Stepping ~*~*~tactically~*~*~ (stealth).
  2849 | D:3      | Gained mutation: Your magical nature lets you fly swiftly
                  | and evasively. [Tengu growth]
  2849 | D:3      | Reached XP level 5. HP: 30/30 MP: 9/9
  2995 | D:3      | 2995 ||| Stepping ~*~*~tactically~*~*~ (stealth).
  3000 | D:3      | 3000 ||| Stepping ~*~*~tactically~*~*~ (stealth).
  3001 | D:3      | 3001 ||| Stepping ~*~*~tactically~*~*~ (stealth).
  3119 | D:3      | Found a sacrificial altar of Ru.
  3183 | D:3      | Reached skill level 6 in Axes
  3219 | D:3      | 3219 ||| DROPPING +0 club.
  3249 | D:3      | 3249 ||| DROPPING +0 whip.
  3421 | D:3      | 3421 ||| UPGRADING to +4 ring of protection.
  3422 | D:3      | 3422 ||| READING scroll labelled HEIZIK KULEINO.
  3423 | D:3      | 3423 ||| READING scroll labelled FOFFY HUBOAZE.
  3424 | D:3      | 3424 ||| READING 3 scrolls labelled UREENN MESCHIO.
  3448 | D:4      | 3448 ||| STAIRDANCE
  3495 | D:4      | Found a white marble altar of Elyvilon.
  3538 | D:4      | Reached XP level 6. HP: 28/35 MP: 10/10
  3546 | D:4      | HP: 8/35 [scorpion (6)]
  3547 | D:4      | 3547 ||| READING 2 scrolls of teleportation.
  3549 | D:4      | HP: 3/35 [poisoned by a scorpion]
  3550 | D:4      | HP: 1/35 [poisoned by a scorpion]
  3551 | D:4      | Succumbed to a scorpion's poison

Levels and vault maps discovered:
D:1:      eino_arrival_tree_alley, layout_basic, serial_rivers,
          chequers_serial_rivers_small_3, chequers_serial_rivers_micro_b,
          chequers_serial_rivers_room_b, chequers_serial_rivers_small_b
D:2:      layout_basic, nicolae_eternal_life
D:3:      corexii_shack_village, layout_basic, lemuel_doored_altar,
          nicolae_ru_sacrificial_ziggurat, kennysheep_generic_room_4,
          uniq_jessica
D:4:      layout_basic, nicolae_sif_muna_little_library,
          lemuel_mausoleum_altar_yredelemnul, mainiacjoe_overflow_boulevard,
          elyvilon_altar_3

Skill      XL: |  1  2  3  4  5 |
---------------+----------------+-----
Axes           | 3 4 5 6 |  6.6
Fighting       | |  2.0
Throwing       | |  1.0
Armour         | |  1.1
Dodging        | |  2.1
Spellcasting   | |  2.0
Translocations | |  2.4

Action                   |  1- 3 |  4- 6 || total
-------------------------+-------+-------++-------
Melee: Hand axe          |    87 |   112 ||   199
       Kick              |    17 |    22 ||    39
       Peck              |    16 |    12 ||    28
       Punch             |     1 |     1 ||     2
Throw: Boomerang         |     7 |       ||     7
       Javelin           |       |     5 ||     5
  Use: Scroll            |     2 |     5 ||     7
Armor: Leather armour    |    24 |       ||    24
       Scale mail        |     4 |    28 ||    32
Dodge: Dodged            |    36 |    66 ||   102

Table legend:
 A = Non-vault XP
 B = Vault XP
 C = Vault XP percentage of total XP
 D = Non-vault monster count
 E = Vault monster count
 F = Vault count percentage of total count
                 A         B        C        D         E       F
            +---------+---------+-------+---------+---------+-------
      Total |     255 |      67 |  20.8 |      67 |      15 |  18.3
            +---------+---------+-------+---------+---------+-------
        D:1 |      45 |       0 |   0.0 |      27 |       0 |   0.0
        D:2 |      72 |       0 |   0.0 |      21 |       0 |   0.0
        D:3 |     106 |      67 |  38.7 |      12 |      15 |  55.6
        D:4 |      32 |       0 |   0.0 |       7 |       0 |   0.0
            +---------+---------+-------+---------+---------+-------
